 Dungeon Crawl Stone Soup version 0.22-b1-26-g9dbaab1 (webtiles) character file.

121 zishaf the Sneak (level 4, -4/33 HPs)
             Began as a Vampire Transmuter on Aug 7, 2018.
             Slain by Ijyb
             ... wielding a +4 dagger of speed
              (8 damage)
             ... on level 3 of the Dungeon.
             The game lasted 00:06:00 (3723 turns).

zishaf the Sneak (Vampire Transmuter)               Turns: 3723, Time: 00:06:00

Health: -4/33      AC:  5    Str: 10    XL:     4   Next: 77%
Magic:  7/7        EV:  6    Int: 15    God:
Gold:   129        SH:  9    Dex: 14    Spells: 6/7 levels left

rFire    . . .     SeeInvis +   k - +0 short sword (vamp)
rCold    . . .     Gourm    +   h - +0 large shield
rNeg     . . .     Faith    .   g - +0 ring mail
rPois    .         Spirit   .   (no helmet)
rElec    .         Reflect  .   (no cloak)
rCorr    .         Harm     .   (no gloves)
MR       .....                  (no boots)
Stlth    ++........             i - amulet of the gourmand
HPRegen  0.31/turn              (no ring)
MPRegen  0.10/turn              (no ring)

@: regenerating quickly
A: fangs 3, see invisible, unbreathing
a: no special abilities


You were on level 3 of the Dungeon.
You were full.

You visited 1 branch of the dungeon, and saw 3 of its levels.

You collected 129 gold pieces.

Inventory:

Hand Weapons
 k - a +0 vampiric short sword (weapon)
Missiles
 a - 112 arrows
Armour
 b - a +0 robe
 g - a +0 ring mail (worn)
 h - a +0 large shield (worn)
Jewellery
 i - an amulet of the gourmand (around neck)
 m - an uncursed ring of resist corrosion {unknown}
Scrolls
 c - 3 scrolls of remove curse {unknown}
 e - 2 scrolls of teleportation {unknown}
 f - a scroll of fear {unknown}
 j - 2 scrolls of identify {unknown}
Potions
 d - 4 potions of blood
 l - 2 potions of heal wounds {unknown}
 n - a potion of cancellation {unknown}
 o - a potion of ambrosia {unknown}


   Skills:
 + Level 2.1 Fighting
 * Level 0.7 Short Blades
 + Level 3.2 Dodging
 + Level 3.3 Stealth
 - Level 3.2 Unarmed Combat
 - Level 2.0 Spellcasting
 + Level 3.2 Transmutations


You had 6 spell levels left.
You knew the following spells:

 Your Spells              Type           Power        Failure   Level  Hunger
a - Beastly Appendage     Tmut           ##....       98%         1    #......

Your spell library contained the following spells:

 Spells                   Type           Power        Failure   Level  Hunger
 Spider Form              Tmut/Pois      #.........   100%        3    ###....
 Blade Hands              Tmut           ##........   100%        5    ######.
 Ice Form                 Ice/Tmut       #.......     100%        4    #####..
 Sticks to Snakes         Tmut           ##......     99%         2    ###....


Dungeon Overview and Level Annotations

Branches:
Dungeon (3/15)

Altars:
Cheibriados
Qazlal
The Shining One

Annotations:
D:3 Ijyb


Innate Abilities, Weirdness & Mutations

Your natural rate of healing is unusually fast.
You have razor-sharp teeth.
You have supernaturally acute eyesight. (SInv)
You can survive without breathing.


Message History

Ijyb hits you with a dagger of speed.
Yummy - fresh blood!
Ijyb hits you with a dagger of speed.
Yummy - fresh blood!
Ijyb hits you but does no damage.
Yummy - fresh blood!
Ijyb barely misses you.
Ijyb screams, "You nasty!
Big nasty!"
Ijyb hits you with a dagger of speed.
* * * LOW HITPOINT WARNING * * *
Yummy - fresh blood!
Ijyb barely misses you.
Yummy - fresh blood!
Ijyb hits you with a dagger of speed.
* * * LOW HITPOINT WARNING * * *
Yummy - fresh blood!
You block Ijyb's attack.
You hit Ijyb.
Ijyb is heavily wounded.
Ijyb hits you with a dagger of speed.
* * * LOW HITPOINT WARNING * * *
Ijyb hits you but does no damage.
You barely miss Ijyb.
Ijyb is heavily wounded.
You block Ijyb's attack. Ijyb hits you with a dagger of speed!
You die...

#........##
#........#
#........#
#........#
#........#
######........#
#.............#
#.####........#
#@# #........
#g# #........
#.# #########
#.# #.# #.# #.#
#.#


You could see Ijyb.

Vanquished Creatures
  A worker ant (D:2)
  2 adders
  2 oozes
  A worm (D:2)
  4 dart slugs
  4 leopard geckos
  A ball python (D:1)
  9 bats
  3 giant cockroaches
  5 goblins
  5 hobgoblins
  7 kobolds
  4 frilled lizards
  A jackal skeleton (D:3)
  A leopard gecko skeleton (D:2)
  6 rats
56 creatures vanquished.

Notes
Turn   | Place    | Note
-------+----------+-------------------------------------------
     0 | D:1      | zishaf the Vampire Transmuter began the quest for the Orb.
     0 | D:1      | Reached XP level 1. HP: 14/14 MP: 3/3
    92 | D:1      | Reached skill level 1 in Fighting
   159 | D:1      | Reached skill level 1 in Stealth
   255 | D:1      | Reached XP level 2. HP: 19/21 MP: 5/5
   890 | D:1      | Reached XP level 3. HP: 14/26 MP: 6/6
  1537 | D:2      | Reached XP level 4. HP: 7/33 MP: 7/7
  2628 | D:2      | Found a faded altar of an unknown god.
  2640 | D:2      | Became a worshipper of Qazlal Stormbringer
  2640 | D:2      | Reached * piety under Qazlal
  2641 | D:2      | Fell from the grace of Qazlal
  2709 | D:2      | Found a glowing golden altar of the Shining One.
  3566 | D:3      | Found a snail-covered altar of Cheibriados.
  3700 | D:3      | Noticed Ijyb
  3723 | D:3      | Slain by Ijyb

Skill      XL: |  1  2  3  4 |
---------------+-------------+-----
Fighting       | 1 2 |  2.1
Stealth        | 1 2 3 |  3.3
Dodging        | 3 |  3.2
Transmutations | 3 |  3.2
Short Blades   | |  0.7
Unarmed Combat | |  3.2
Spellcasting   | |  2.0

Action                   |  1- 3 |  4- 6 || total
-------------------------+-------+-------++-------
Melee: Unarmed           |    78 |       ||    78
       Bite              |    11 |    11 ||    22
       Short sword       |    71 |   126 ||   197
       Punch             |     1 |       ||     1
Invok: Renounce Religion |       |     1 ||     1
  Use: Potion            |       |    10 ||    10
 Stab: Sleeping          |     6 |     9 ||    15
Armor: Robe              |    14 |       ||    14
       Ring mail         |    41 |    45 ||    86
Dodge: Dodged            |    60 |    21 ||    81
Block: Large shield      |    55 |    63 ||   118
